 Dungeon Crawl Stone Soup version 0.27-a0-1322-gfdffb62a71 (webtiles) character file.

Game seed: 4438336230576869037

413 Alarak the Fighter (level 6, -6/61 HPs)
             Began as a Hill Orc Monk on June 23, 2021.
             Mangled by an orc wizard (17 damage)
             ... on level 3 of the Dungeon.
             The game lasted 00:08:32 (5345 turns).

Alarak the Fighter (Hill Orc Monk)                  Turns: 5345, Time: 00:08:33

Health: -6/61      AC:  5    Str: 16    XL:     6   Next: 90%
Magic:  0/6        EV: 11    Int: 10    God:
Gold:   137        SH:  0    Dex: 13    Spells: 5/5 levels left

rFire    . . .     SeeInvis .   f - +5 war axe (freeze)
rCold    . . .     Faith    .   (no shield)
rNeg     . . .     Spirit   +   o - +0 ring mail
rPois    .         Reflect  .   (no helmet)
rElec    .         Harm     .   (no cloak)
rCorr    +         Rampage  .   (no gloves)
Will     .....                  (no boots)
Stlth    +.........             c - amulet of guardian spirit
HPRegen  0.20/turn              g - ring of resist corrosion
MPRegen  0.10/turn              (no ring)

@: about to teleport
A: no striking features
a: no special abilities


You were on level 3 of the Dungeon.
You visited 1 branch of the dungeon, and saw 3 of its levels.
You visited the Abyss 1 time.

You collected 137 gold pieces.

Inventory:

Hand Weapons
 a - a +0 hand axe
 f - a +5 war axe of freezing (weapon)
 j - a +0 short sword of venom
 p - a +0 short sword of electrocution
 y - a +3 executioner's axe
Armour
 b - a +0 robe
 o - a +0 ring mail (worn)
Jewellery
 c - an amulet of guardian spirit (around neck)
 g - a ring of resist corrosion (left hand)
 n - a ring of see invisible
 w - an amulet of reflection
 x - a +6 ring of intelligence
Scrolls
 h - a scroll of teleportation
 q - a scroll of enchant armour {unknown}
 r - 2 scrolls of identify {unknown}
 s - a scroll of holy word {unknown}
Potions
 d - a potion of brilliance {unknown}
 e - 4 potions of flight {unknown}
 i - a potion of attraction {unknown}
 l - a potion of degeneration {unknown}
 t - a potion of invisibility {unknown}
 u - a potion of cancellation {unknown}
 v - a potion of resistance {unknown}
 z - 2 potions of berserk rage {unknown}


   Skills:
 + Level 8.0 Fighting
 - Level 6.0 Axes
 - Level 2.4 Dodging
 - Level 1.5 Stealth


You had 5 spell levels left.
You didn't know any spells.
Your spell library was empty.

Dungeon Overview and Level Annotations

Branches:
Dungeon (3/15)

Altars:


Message History

Found a giant club.
Found a corrupted altar of Lugonu.
Magic restored.
You are suddenly pulled into a different region of the Abyss!
A small abomination comes into view.
You barely miss the small abomination. The small abomination hits you!
You barely miss the small abomination.
The small abomination barely misses you.
You hit the small abomination. You freeze the small abomination.
The small abomination is lightly damaged.
The small abomination hits you!
You are too injured to fight recklessly!
You are too injured to fight recklessly!
You closely miss the small abomination.
The small abomination is lightly damaged.
The small abomination closely misses you.
The small abomination hits you but does no damage.
You slash the small abomination! You freeze the small abomination.
The small abomination is severely damaged.
The small abomination hits you!!
* * * LOW HITPOINT WARNING * * *
You hit the small abomination but do no damage.
The small abomination is severely damaged.
The small abomination barely misses you.
You closely miss the small abomination.
The small abomination is severely damaged.
The small abomination closely misses you.
You slash the small abomination! You freeze the small abomination.
You destroy the small abomination!
Your Fighting skill increases to level 8!
You start resting.
The substance of the Abyss twists violently, and a gateway leading out appears!
There is a gateway leading out of the Abyss here.
You pass through the gate.
Welcome back to the Dungeon!
As you read the scroll of teleportation, it crumbles to dust.
You feel strangely unstable.
The orc wizard hits you with a +4 dagger of distortion.
* * * LOW HITPOINT WARNING * * *
Space warps horribly around you!!
You die...

#...................#.........
######........#######.#...#.##
.......#...............)...
###....#.#########....#.##+
####.#.# #..............
#.#.####.####.........
#......#.# #.........
###......'.# #.........
......o@.### #.........
.........# #.........
.........# ##########
.........# #... ..##.....#
#... . #...... #... #......
#... #....... #... #...


You could see an orc wizard.

Vanquished Creatures
  2 small abominations (Abyss:1)
  A scorpion (D:3)
  2 jellies (D:2)
  Jessica (D:3)
  4 gnolls (D:3)
  An adder (D:3)
  A worm (D:2)
  3 dart slugs
  6 ball pythons
  4 bats
  10 endoplasms
  6 giant cockroaches
  8 goblins
  5 hobgoblins
  9 jackals
  15 kobolds
  2 quokkas
  3 frilled lizards
  4 rats
87 creatures vanquished.

Vanquished Creatures (others)
  5 demonic plants (D:1)
  8 fungi
  8 plants (D:1)
  10 toadstools (D:2)
31 creatures vanquished.

Grand Total: 118 creatures vanquished

Notes
Turn   | Place    | Note
-------+----------+-------------------------------------------
     0 | D:1      | Alarak the Hill Orc Monk began the quest for the Orb.
     0 | D:1      | Reached XP level 1. HP: 19/19 MP: 1/1
   301 | D:1      | Reached XP level 2. HP: 9/26 MP: 2/2
   803 | D:1      | Reached skill level 5 in Axes
  1011 | D:1      | Found a faded altar of an unknown god.
  1291 | D:1      | Reached XP level 3. HP: 29/31 MP: 3/3
  2669 | D:2      | Reached skill level 4 in Fighting
  2930 | D:2      | Reached XP level 4. HP: 15/40 MP: 4/4
  3224 | D:2      | Reached skill level 5 in Fighting
  3224 | D:2      | Reached XP level 5. HP: 18/48 MP: 5/5
  4461 | D:3      | Noticed Jessica
  4472 | D:3      | Killed Jessica
  4473 | D:3      | Reached skill level 6 in Fighting
  4937 | D:3      | Reached skill level 7 in Fighting
  4937 | D:3      | Reached XP level 6. HP: 48/60 MP: 6/6
  5192 | D:3      | Cast into level 1 of the Abyss (orc wizard)
  5209 | Abyss:1  | Identified a scroll of acquirement
  5209 | Abyss:1  | Acquired a +5 war axe of freezing
  5219 | Abyss:1  | Found a corrupted altar of Lugonu.
  5335 | Abyss:1  | Reached skill level 8 in Fighting
  5344 | D:3      | Escaped the Abyss
  5345 | D:3      | Mangled by an orc wizard

Illustrated notes

Levels and vault maps discovered:
D:1:      dpeg_cavernosity, layout_basic, shapermc_ecumenical_altar_gd,
          minmay_worlds_worst_comb
D:2:      cheibrodos_fertilizer, layout_basic, grunt_decor_clamped
D:3:      layout_basic, uniq_jessica

Skill      XL: |  1  2  3  4  5  6 |
---------------+-------------------+-----
Axes           | 5 6 |  6.0
Fighting       | 4 5 7 8 |  8.0
Dodging        | |  2.4
Stealth        | |  1.5

Action                   |  1- 3 |  4- 6 || total
-------------------------+-------+-------++-------
Melee: Hand axe          |   124 |     7 ||   131
       Short sword       |       |   131 ||   131
       War axe           |       |    10 ||    10
  Use: Scroll            |       |     5 ||     5
 Stab: Sleeping          |     9 |     3 ||    12
Armor: Robe              |    20 |     7 ||    27
       Ring mail         |       |    22 ||    22
Dodge: Dodged            |    77 |    84 ||   161

Table legend: (Time is in decaauts)
 A = Elapsed time spent in this place.
 B = Non-inter-level travel time spent in this place.
 C = Inter-level travel time spent in this place.
 D = Time resting spent in this place.
 E = Time spent auto-exploring this place.
 F = Levels seen in this place.
 G = Mean time per level.
                   A        B        C        D        E       F      G
               +--------+--------+--------+--------+--------+-----+--------+
         Total |   5362 |   5201 |    161 |   2189 |   2368 |   4 | 1340.5 |
       Dungeon |   5209 |   5048 |    161 |   2187 |   2263 |   3 | 1736.3 |
         Abyss |    152 |    152 |      0 |      2 |    105 |   1 |  152.0 |
               +--------+--------+--------+--------+--------+-----+--------+

Top non-repeatable levels by time:
     D:1: 2166 daAuts
     D:2: 1920 daAuts
     D:3: 1123 daAuts
 Abyss:1: 152 daAuts
